 Dungeon Sprint DCSS version 0.19.4 (webtiles) character file.

147 Minion the Ducker (level 5, -3/45 HPs)
             Began as a Draconian Berserker on Feb 2, 2017.
             Was a Follower of Trog.
             Slain by a spriggan
             ... wielding a +0 rapier
              (13 damage)
             ... in the Dungeon (Sprint V: "Ziggurat Sprint").
             The game lasted 00:03:07 (122 turns).

Minion the Ducker (Draconian Berserker)              Turns: 122, Time: 00:03:07

Health: -3/45      AC:  5    Str: 19    XL:     5   Next: 8%
Magic:  5/5        EV: 19    Int:  7    God:    Trog [*.....]
Gold:   0          SH:  0    Dex: 24    Spells: 0 memorised, 4 levels left

rFire  . . .     SeeInvis .     q - +14 plutonium sword {*Contam Stlth-}
rCold  . . .     Gourm    .     (armour unavailable)
rNeg   . . .     Faith    .     (shield currently unavailable)
rPois  .         Spirit   .     (helmet restricted)
rElec  .         Reflect  .     (no cloak)
rCorr  .         Harm     .     (no gloves)
MR     .....     NoTele   +     (no boots)
Stlth  +.........               (no amulet)
                                k - +6 ring of dexterity
                                l - +6 ring of dexterity

@: no status effects
A: unfitting armour, cold-blooded, AC +5
a: Berserk, Burn Spellbooks, Renounce Religion


You were in the Dungeon.
You worshipped Trog.
Trog was aware of your devotion.
You were not hungry.

You visited 1 branch

Inventory:

Hand Weapons
 q - the +14 plutonium sword (weapon) {*Contam Stlth-}
   (You found it in the Dungeon)

   It causes magical contamination when unequipped.
   It makes you less stealthy.
Jewellery
 k - a +6 ring of dexterity (right hand)
 l - a +6 ring of dexterity (left hand)
Wands
 y - a wand of disintegration (7/24)
 D - a wand of iceblast (5/15)
 E - a wand of lightning (5/15)
 F - a wand of acid (5/15)
Scrolls
 a - 3 scrolls of recharging
 h - 4 scrolls of blinking
 r - 7 scrolls of fog
 s - a scroll of holy word
 t - 5 scrolls of identify
 u - 5 scrolls of remove curse
 v - 2 scrolls of fear
Potions
 c - 10 potions of curing
 d - 10 potions of heal wounds
 e - 6 potions of haste
 f - 7 potions of magic
 g - 3 potions of berserk rage
 w - 2 potions of brilliance
 x - 2 potions of invisibility
 z - 4 potions of resistance
 A - a potion of experience
 B - 5 potions of agility
 C - 5 potions of might
Comestibles
 b - 5 bread rations
 i - 42 fruits
 j - 4 meat rations


   Skills:
 - Level 3.2 Fighting
 + Level 7.1 Long Blades
   Level 3.0 Axes
 + Level 7.1 Dodging


You had 4 spell levels left.
You didn't know any spells.

Dungeon Overview and Level Annotations

Branches:
Dungeon (1/1)

Altars:
Ashenzari
Cheibriados
Dithmenos
Elyvilon
Fedhas
Gozag
Hepliaklqana
Kikubaaqudgha
Makhleb
Nemelex Xobeh
Okawaru
Qazlal
Ru
Sif Muna
Trog
Uskayaw
Vehumet
Xom
Yredelemnul
Zin
The Shining One
Beogh
Jiyva
Lugonu


Innate Abilities, Weirdness & Mutations

Your plain brown scales are hard. (AC +5)
You cannot fit into any form of body armour.
You are cold-blooded and may be slowed by cold attacks.


Message History

You slice the spriggan!!
You kill the spriggan!
Trog accepts your kill.
Your Long Blades skill gained 7 levels and is now at level 7!
Your Dodging skill gained 5 levels and is now at level 7!
You have reached level 2!
You have reached level 3!
Your experience leads to an increase in your attributes!
Your base attributes are Str 19, Int 7, Dex 10.
Increase (S)trength, (I)ntelligence, or (D)exterity?
You feel agile.
Your scales feel tougher.
You have reached level 4!
You feel agile.
You have reached level 5!
The spriggan closely misses you. The spriggan hits you with a rapier.
The spriggan hits you with a rapier!
* * * LOW HITPOINT WARNING * * *
You barely miss the spriggan. The spriggan barely misses you.
You riposte.
You closely miss the spriggan. The spriggan hits you with a rapier!
You die...

▓▓▓▓▓▓▓
▓.8©8.▓
▓.....▓
▓.}...▓
▓.....▓
▓.i)..▓
▓..@..▓
▓▓▓▓▓▓▓


You could see a spriggan.

Vanquished Creatures
  A spriggan (D)
1 creature vanquished.

Notes
Turn   | Place    | Note
-------+----------+-------------------------------------------
     0 | D        | Minion the Draconian Berserker began the quest for the Orb.
     0 | D        | Reached XP level 1. HP: 19/19 MP: 1/1
     0 | D        | Found a blossoming altar of Fedhas.
     1 | D        | Found a viscous altar of Jiyva.
     1 | D        | Found an ancient bone altar of Kikubaaqudgha.
     1 | D        | Found a hazy altar of Hepliaklqana.
     1 | D        | Found a corrupted altar of Lugonu.
     1 | D        | Found an opulent altar of Gozag.
     1 | D        | Found a burning altar of Makhleb.
     5 | D        | Found a sacrificial altar of Ru.
     5 | D        | Found a stormy altar of Qazlal.
     5 | D        | Found a deep blue altar of Sif Muna.
     5 | D        | Found an iron altar of Okawaru.
     5 | D        | Found a bloodstained altar of Trog.
     5 | D        | Found a sparkling altar of Nemelex Xobeh.
   119 | D        | Entered arena 1.
   119 | D        | Noticed a spriggan
   119 | D        | Noticed a spriggan
   121 | D        | Killed a spriggan
   121 | D        | Reached XP level 2. HP: 12/26 MP: 2/2
   121 | D        | Reached XP level 3. HP: 15/31 MP: 3/3
   121 | D        | Reached XP level 4. HP: 18/38 MP: 4/4
   121 | D        | Reached XP level 5. HP: 21/45 MP: 5/5
   122 | D        | Slain by a spriggan

Skill      XL: |  1 |
---------------+----+-----
Long Blades    | 7 |  7.1
Dodging        | 7 |  7.1
Fighting       | |  3.2
Axes           | |  3.0

Action                   |  1- 3 |  4- 6 || total
-------------------------+-------+-------++-------
Melee: Triple sword      |     2 |     1 ||     3
Dodge: Dodged            |       |     2 ||     2
       Rpst.: Triple sword |       |     1 ||     1
